Map: Écho EC

Players

AgCl

  • Race: Protoss Protoss

Trident - Winner!

  • Race: Protoss Protoss

VOD

Have the link to the VOD?

Description

Time

  • Played on: May 22, 2015, 3:10 a.m.
  • Length: 4:41
Show
View Real Time Build Order
Export as new Build Order

AgCl Protoss 

Build Orders: 1 Gate Expand 

Get SALT Encoding   

  12  0:20  Pylon  
  12  0:42  Probe  
  13  0:43  Gateway  
  13  0:54  Probe  
  14  1:06  Probe  
  15  1:18  Probe  
  16  1:27  Assimilator  
  16  1:30  Nexus  
  16  1:34  Probe  
  17  1:46  Cybernetics Core  
  17  1:55  Probe (Chrono Boost)  
  17  2:00  Assimilator  
  17  2:01  Pylon  
  18  2:07  Probe (Chrono Boost)  
  19  2:14  Probe (Chrono Boost)  
  20  2:24  Probe (Chrono Boost), Warp Gate (Chrono Boost)  
  21  2:31  Probe (Chrono Boost)  
  21  2:41  Probe (Chrono Boost)  
  22  2:49  Mothership Core (Chrono Boost)  
  25  2:53  Probe (Chrono Boost)  
  25  2:57  Stalker (Chrono Boost)  
  25  2:58  Gateway  
  27  3:00  Probe (Chrono Boost)  
  27  3:02  Probe (Chrono Boost)  
  29  3:10  Probe  
  30  3:14  Probe  
  31  3:25  Gateway  
  31  3:26  Pylon  
  32  3:31  Stalker (Chrono Boost)  
  33  3:39  Assimilator  
  33  3:43  Robotics Facility  
  33  3:45  Probe  
  34  3:49  Probe  
  35  4:03  Probe  
  34  4:13  Stalker  
  34  4:16  Mothership Core (Chrono Boost)  
  36  4:20  Robotics Facility  
  35  4:24  Stalker  
  35  4:26  Probe (Chrono Boost)  
  35  4:29  Stalker  
Show
View Real Time Build Order
Export as new Build Order

Trident Protoss - Winner!

Build Orders:  

Get SALT Encoding   

  12  0:01  Probe  
  13  0:13  Pylon  
  13  0:18  Probe  
  14  0:31  Probe (Chrono Boost)  
  14  0:34  Gateway  
  16  0:43  Probe (Chrono Boost)  
  16  0:44  Assimilator  
  16  0:49  Assimilator  
  16  0:53  Probe (Chrono Boost)  
  17  1:06  Probe  
  17  1:07  Pylon  
  18  1:18  Probe  
  18  1:21  Cybernetics Core  
  19  1:31  Probe  
  20  1:36  Zealot (Chrono Boost)  
  22  1:43  Probe  
  23  1:55  Probe  
  23  1:58  Warp Gate (Chrono Boost)  
  24  2:03  Stalker (Chrono Boost)  
  26  2:09  Probe  
  27  2:18  Gateway x2  
  27  2:28  Adept  
  29  2:38  Probe  
  30  2:48  Pylon  
  30  2:56  Pylon  
  30  3:07  Mothership Core  
  32  3:23  Pylon  
  32  3:38  Stalker x3  
  36  4:13  Stalker x2  
  36  4:14  Stalker  
  42  4:28  Nexus  
  40  4:31  Pylon  
  40  4:41  Stalker  
Tags
 
Matchup
PvP
Add a new tag
Caveats
  • Supply blocks, unpowered buildings, or Contaminate may cause inaccurate times.
  • Supply counts are checked every 10 seconds.